 Dungeon Crawl Stone Soup version 0.20.0-15-g7f486f2 (webtiles) character file.

2108774 botchamania the Wrestler (level 26, 283/283 HPs)
             Began as a Troll Fighter on June 22, 2017.
             Was the Champion of Okawaru.
             Escaped with the Orb
             ... and 3 runes on June 23, 2017!
             The game lasted 02:26:58 (45479 turns).

botchamania the Wrestler (Troll Fighter)           Turns: 45479, Time: 02:26:58

Health: 283/283    AC: 33    Str: 36      XL:     26   Next: 78%
Magic:  26/26      EV: 13    Int:  4      God:    Okawaru [******]
Gold:   2495       SH: 28    Dex: 15 (17) Spells: 25/25 levels left

rFire    + . .     SeeInvis .     - Unarmed
rCold    + + .     Gourm    +   J - +0 large shield {AC+3}
rNeg     + . .     Faith    .   B - +3 gold dragon scales
rPois    +         Spirit   .   o - +0 hat of Evolution {MR++ Str+5 Dex-4}
rElec    .         Reflect  +   u - +2 cloak
rCorr    .         Harm     .   (gloves unavailable)
MR       ++++.                  (boots unavailable)
Stlth    ..........             Z - +4 amulet of reflection
Regen    1.0/turn               f - ring of Day {rC+ rN+ Dex+4 Slay+2}
MPRegen  0.2/turn               K - +6 ring of slaying

@: hasted, very quick
A: unfitting armour, claws 3, talons 1, fast metabolism 3, gourmand, magic
resistance 1, mutation resistance 1, regeneration 1, shaggy fur 1, tough skin 2,
no potion heal 1
0: Orb of Zot
}: 3/15 runes: decaying, silver, gossamer
a: Heroism, Finesse, Renounce Religion


You escaped.
You worshipped Okawaru.
Okawaru was exalted by your worship.
You were not hungry.

You visited 9 branches of the dungeon, and saw 47 of its levels.
You also visited: Ice Cave.

You collected 5144 gold pieces.
You spent 2649 gold pieces at shops.

Inventory:

Missiles
 I - 137 large rocks (quivered)
Armour
 c - the +0 hat "Uthruug" {Regen+ Dex+2}
   (You acquired it on level 1 of the Realm of Zot)

   It affects your dexterity (+2).
   It increases your rate of regeneration.
 m - the +2 hat of the Greedy {rN+ MR+}
   (You bought it in a shop on level 2 of the Orcish Mines)

   It protects you from negative energy.
   It affects your resistance to hostile enchantments.
 o - the +0 hat of Evolution (worn) {MR++ Str+5 Dex-4}
   (Okawaru gifted it to you on level 4 of the Vaults)

   It affects your strength (+5).
   It affects your dexterity (-4).
   It affects your resistance to hostile enchantments.
 u - a +2 cloak (worn)
 B - +3 gold dragon scales (worn)
 C - the +0 hat of the New World {rF+ rCorr}
   (Okawaru gifted it to you on level 5 of the Depths)

   It protects you from fire.
   It protects you from acid and corrosion.
 J - a +0 large shield of protection (worn)
Jewellery
 f - the ring of Day (left claw) {rC+ rN+ Dex+4 Slay+2}
   (You found it in an ice cave)

   [ring of positive energy]

   It affects your dexterity (+4).
   It affects your accuracy and damage with ranged weapons and melee attacks
   (+2).
   It protects you from cold.
   It protects you from negative energy.
 j - an uncursed ring of resist corrosion
 l - an uncursed ring of protection from fire
 q - an uncursed ring of wizardry
 s - an uncursed ring of teleportation
 t - an uncursed ring of flight
 E - the amulet of the Four Winds {rN+ MR+++ Clar}
   (You found it on level 2 of the Swamp)

   [amulet of nothing]

   It protects you from negative energy.
   It affects your resistance to hostile enchantments.
   It protects you against confusion.
 K - a +6 ring of slaying (right claw)
 P - an uncursed ring of see invisible
 Q - a +2 amulet of reflection
 Z - a +4 amulet of reflection (around neck)
Wands
 a - a wand of paralysis (14/24)
 D - a wand of flame (27/48)
 G - a wand of flame (24/48)
 O - a wand of disintegration (16/24)
Scrolls
 b - 2 scrolls of silence
 g - 8 scrolls of identify
 k - 25 scrolls of remove curse
 p - 3 scrolls of fog
 v - 6 scrolls of recharging
 x - 10 scrolls of teleportation
 y - 2 scrolls of fear
 F - 10 scrolls of amnesia
 H - a scroll of magic mapping
 L - 9 scrolls of blinking
 U - a scroll of holy word
Potions
 n - 4 potions of resistance
 r - 13 potions of curing
 w - 10 potions of flight
 M - 10 potions of brilliance
 N - 4 potions of agility
 R - 2 potions of berserk rage
 S - 7 potions of ambrosia
 W - a potion of magic
Books
 e - a book of Necromancy

   Spells                             Type                      Level
   a - Pain                           Necromancy                   1
   b - Animate Skeleton               Necromancy                   1
   c - Vampiric Draining              Necromancy                   3
   d - Regeneration                   Charms/Necromancy            3
   e - Animate Dead                   Necromancy                   4
   f - Control Undead                 Necromancy                   4
Miscellaneous
 X - a lightning rod (4/4)
Comestibles
 d - 17 bread rations
 h - 26 fruits
 i - 20 royal jellies
 A - 21 meat rations


   Skills:
 + Level 20.2 Fighting
 + Level 13.3 Throwing
 + Level 16.8 Armour
 + Level 15.0 Dodging
 - Level 0.5 Stealth
 - Level 16.2 Shields
 - Level 22.9 Unarmed Combat
 - Level 6.1 Invocations


You had 25 spell levels left.
You didn't know any spells.

Dungeon Overview and Level Annotations

Branches:
Dungeon (15/15)            Temple (1/1) D:7            Lair (6/6) D:11
  Swamp (4/4) Lair:2       Spider (4/4) Lair:4        Slime (0/5) Lair:6
    Orc (2/2) D:9             Elf (0/3) Orc:2        Vaults (5/5) D:14
  Crypt (0/3) Vaults:2     Depths (5/5) D:15            Zot (5/5) Depths:5

Altars:
Ashenzari
Cheibriados
Dithmenos
Elyvilon
Fedhas
Gozag
Hepliaklqana
Kikubaaqudgha
Makhleb
Nemelex Xobeh
Okawaru
Qazlal
Ru
Sif Muna
Trog
Uskayaw
Vehumet
Xom
Yredelemnul
Zin
The Shining One

Shops:
D:5 (   D:10 %   D:15 ?}   Orc:2 *:?==*([(   Vaults:2 :   Vaults:3 :
Depths:1 ?   Depths:2 (}:   Depths:3 }==   Depths:5 =

Portals:
Hell: Depths:1 Depths:2 Depths:3 Depths:4 Depths:5
Abyss: Depths:1 Depths:4 Depths:5
Pandemonium: Depths:1 Depths:3
Ziggurat: Depths:4
Trove: Depths:5 (give 12 potions of heal wounds)

Annotations:
Lair:1 exclusion: 2 oklob plants
Swamp:1 exclusion: Roxanne, Roxanne
Orc:1 Maurice
Vaults:3 exclusion: orange crystal statue
Depths:1 28 runed doors
Depths:3 exclusion: 2 oklob plants
Zot:5 exclusion: 2 obsidian statues


Innate Abilities, Weirdness & Mutations

You are too large for most types of armour.
You have claws for hands.
Your metabolism is lightning-fast.
You like to eat raw meat.
Your natural rate of healing is unusually fast.
You are covered in fur. (AC +1)
You have very tough skin. (AC +2)
You have sharp toenails.
You are resistant to hostile enchantments. (MR+)
You are somewhat resistant to further mutation.
Potions are less effective at restoring your health.


Message History

You feel yourself speed up.
Unknown command.
Daush gestures.
Daush gestures.
The jumping spider leaps!
You block Daush's attack. You block the redback's attack.
You block the jumping spider's attack.
The jumping spider bites you but does no damage.
You block the tarantella's attack.
Unknown command.
You block the jumping spider's attack.
The jumping spider bites you but does no damage.
The redback bites you but does no damage.
There is a staircase leading out of the dungeon here.
Unknown command.
Daush gestures at you. The bolt of acid misses you.
You block the jumping spider's attack. x2
The redback completely misses you.
The redback bites you but does no damage.
You have escaped!

#......⌠.......⌠......#..#.#
##...................###.#.#
##..⌠...⌠...⌠...⌠..## #.#.#
##...............## #.#..
##.⌠....⌠....⌠.## #....
##...........########...
##..⌠...⌠.(## #.......#
##.4s&s..## #.......#
##.s@ss## #.......# ##...##
#.......# #########
#......># #.......#
#######.. #.#####.# #.≈ #.#
#.# #.≈ #.# #.# #.≈ #.# #.#
#.≈ #.# #.# #.≈


You could see Daush, an ice devil, 2 jumping spiders, a tarantella and 2
redbacks.

Vanquished Creatures
  4 orbs of fire
  2 juggernauts (Depths:4)
  7 ancient liches (Zot:5)
  Sojobo (Depths:3)
  Margery (Vaults:2)
  A caustic shrike (Depths:2)
  4 Killer Klowns
  8 golden dragons
  Jorgrun (Vaults:2)
  2 electric golems (Zot:5)
  12 tentacled monstrosities
  A Hell Sentinel (D:5)
  4 liches
  26 Orb Guardians
  7 titans
  A quicksilver dragon (Zot:1)
  An acid blob (Depths:3)
  Frances (D:12)
  3 sphinxes
  A death cob (Zot:5)
  4 thorn hunters
  7 tengu reavers
  2 draconian monks
  8 shadow dragons
  13 storm dragons
  Donald (Swamp:1)
  3 draconian scorchers
  9 fire giants
  3 deep elf sorcerers
  9 frost giants
  2 iron dragons
  3 draconian knights
  2 deep elf elementalists (Vaults:5)
  An orc warlord (Orc:2)
  4 draconian stormcallers
  12 ironheart preservers
  12 vault wardens
  4 emperor scorpions
  9 ghost moths
  2 draconian shifters
  20 stone giants
  6 draconian annihilators
  26 very ugly things
  2 reapers
  5 vampire knights
  5 entropy weavers
  4 black draconians
  3 deep elf demonologists
  7 yellow draconians
  3 red draconians
  7 green draconians
  4 white draconians
  The ghost of CalmDownMonkey the Grappler, a journeyman TrMo of Makhleb (IceCv)
  2 deep elf annihilators
  2 lorocyprocas (Zot:5)
  5 spark wasps
  7 purple draconians
  4 deep elf death magi
  22 ettins
  21 yaktaur captains
  A merfolk impaler (Depths:1)
  15 fire dragons
  2 deep elf high priests (Vaults:5)
  14 great orbs of eyes
  3 rakshasas
  A monstrous demonspawn (D:6)
  30 vault guards
  2 ghost crabs
  28 hydras
  8 spriggan air magi
  12 centaur warriors
  12 ice dragons
  A catoblepas (Lair:6)
  Erica (Orc:1)
  16 ogre magi
  Erolcha (D:13)
  4 death knights
  7 alligators
  The ghost of vishdafish the Blocker, a journeyman GrFi of Okawaru (D:12)
  54 two-headed ogres
  8 tengu warriors
  4 death yaks
  18 deep troll earth magi
  2 orc high priests (Orc:2)
  3 spriggan berserkers (Depths:5)
  A vampire mage (Depths:1)
  A shock serpent (shapeshifter) (Vaults:5)
  Urug (D:15)
  14 deep troll shamans
  8 deep elf knights
  2 sun demons (Zot:5)
  4 hell knights
  3 sixfirhies
  3 shadow wraiths
  3 iron trolls
  An unseen horror (D:15)
  6 flayed ghosts
  A glowing orange brain (shapeshifter) (Vaults:4)
  An infernal demonspawn (Depths:3)
  49 deep trolls
  2 spriggan druids (Swamp:4)
  A gelid demonspawn (Depths:1)
  7 glowing orange brains
  6 swamp dragons (Swamp:4)
  8 wizards
  2 shambling mangroves (Swamp:4)
  9 phantasmal warriors
  6 deep elf archers
  10 ironbrand convokers
  Pikel (D:4)
  A stone giant zombie (Depths:1)
  15 harpies
  4 necromancers
  15 orb spiders
  16 orc knights
  A wolf spider (shapeshifter) (Vaults:4)
  17 deep elf magi
  2 orc sorcerers (Orc:2)
  36 wolf spiders
  4 cyclopes
  52 ugly things
  A salamander (shapeshifter) (Vaults:3)
  17 moths of wrath
  2 cyclopes (shapeshifter)
  2 manticores (D:14)
  4 elephants (Lair:2)
  2 guardian serpents (shapeshifter)
  2 black mambas
  The ghost of StylePro the Chopper, a novice NaFi of Cheibriados (D:5)
  19 vault sentinels
  A smoke demon (Depths:1)
  A rust devil (Depths:2)
  33 spiny frogs
  An ice statue (IceCv)
  A kobold demonologist (D:13)
  3 orange demons
  4 rime drakes
  5 spectral swamp worms
  2 freezing wraiths (Vaults:5)
  8 centaur skeletons
  A hellwing (Depths:3)
  3 komodo dragons
  An efreet (D:13)
  58 yaktaurs
  9 demonic crawlers
  A yaktaur (shapeshifter) (Depths:3)
  3 ice devils
  A guardian mummy (Zot:1)
  9 trolls
  6 meliai
  A tengu simulacrum (Vaults:2)
  A queen bee (Spider:3)
  A jumping spider (shapeshifter) (Vaults:3)
  24 hornets
  16 polar bears
  45 jumping spiders
  5 tyrant leeches
  A polar bear (shapeshifter) (Depths:4)
  A queen bee (shapeshifter) (Vaults:4)
  Grinder (D:5)
  31 slime creatures
  15 bog bodies
  20 blink frogs
  A frost giant simulacrum (Depths:1)
  A meliai zombie (D:15)
  4 dream sheep (Lair:4)
  7 hippogriffs
  4 spriggans
  2 vampires
  9 air elementals
  A redback (shapeshifter) (Vaults:5)
  67 redbacks
  4 wraiths
  76 yaks
  5 water elementals
  27 tarantellas
  An ice dragon skeleton (Depths:1)
  3 shadows
  12 wyverns (Lair:4)
  3 basilisks
  A fire elemental (Lair:3)
  A hog (shapeshifter) (Vaults:2)
  2 hungry ghosts
  3 chaos spawn
  A soldier ant (D:14)
  4 wargs
  36 vampire mosquitoes
  17 swamp worms
  A soldier ant (shapeshifter) (Depths:3)
  11 insubstantial wisps
  2 acid dragons
  16 water moccasins
  2 floating eyes
  Duvessa (D:5)
  2 water moccasins (shapeshifter)
  15 swamp drakes
  10 porcupines
  2 black bears
  42 orc warriors
  A hornet zombie (D:8)
  25 boggarts
  37 ogres
  An eye of draining (D:13)
  2 ice beasts
  2 phantoms
  A black bear (shapeshifter) (Vaults:1)
  An eye of draining (shapeshifter) (Vaults:3)
  7 sky beasts
  A spriggan simulacrum (Depths:1)
  9 centaurs
  20 wolves
  18 crocodiles
  2 big kobolds
  34 bullfrogs
  Blork the orc (D:5)
  Dowan (D:5)
  2 wyvern skeletons
  A hornet simulacrum (D:15)
  2 scorpions
  22 killer bees
  9 wights (D:11)
  4 howler monkeys
  4 electric eels
  6 crimson imps
  4 centaur zombies
  2 human simulacra (Vaults:2)
  A bullfrog zombie (D:6)
  4 jellies
  6 quasits
  7 hounds
  Crazy Yiuf (D:2)
  2 iron imps (Depths:1)
  29 orc wizards
  26 orc priests
  A bullfrog skeleton (D:9)
  6 iguanas
  Ijyb (D:5)
  15 worker ants
  A hound zombie (D:7)
  2 hound skeletons
  7 adders
  3 gnolls (D:6)
  4 shadow imps
  A white imp (Depths:1)
  An ufetubus (Depths:1)
  An ooze (D:2)
  An adder skeleton (D:4)
  A dart slug (D:1)
  4 leopard geckos
  93 orcs
  4 ball pythons
  9 giant cockroaches
  9 goblins
  10 hobgoblins
  11 jackals
  7 quokkas
  4 bats
  5 frilled lizards
  10 kobolds
  6 rats
  2 plants (Lair:6)
2188 creatures vanquished.

Vanquished Creatures (others)
  A fire giant (D:15)
  Nessos (D:13)
  2 stone giants
  A yaktaur captain (Vaults:1)
  A sixfirhy (Zot:5)
  A deep elf archer (Vaults:2)
  An orb spider (Spider:4)
  4 cyclopes
  7 yaktaurs
  A jumping spider (Spider:2)
  A swamp worm (Swamp:4)
  2 orc warriors
  3 slaves
  3 centaurs
  2 boggarts
  A killer bee (Spider:3)
  A crimson imp (Zot:5)
  2 hounds (D:5)
  An orc wizard (Orc:1)
  2 adders (D:5)
  A white imp (Zot:5)
  An orc (Orc:2)
  9 briar patches (Depths:3)
  18 fungi
  35 plants
102 creatures vanquished.

Grand Total: 2290 creatures vanquished

Notes
Turn   | Place    | Note
-------+----------+-------------------------------------------
     0 | D:1      | botchamania the Troll Fighter began the quest for the Orb.
     0 | D:1      | Reached XP level 1. HP: 22/22 MP: 0/0
   218 | D:1      | Reached XP level 2. HP: 23/29 MP: 1/1
   543 | D:1      | Reached XP level 3. HP: 35/36 MP: 2/2
  1074 | D:2      | Reached skill level 3 in Unarmed Combat
  1111 | D:2      | Reached XP level 4. HP: 44/44 MP: 3/3
  1362 | D:2      | Found a runed door.
  1454 | D:2      | Noticed Crazy Yiuf
  1459 | D:2      | Killed Crazy Yiuf
  1670 | D:3      | Reached skill level 4 in Unarmed Combat
  1670 | D:3      | Reached XP level 5. HP: 50/50 MP: 4/4
  2490 | D:4      | Found a bloodstained altar of Trog.
  2490 | D:4      | Found a hide-covered altar of Uskayaw.
  2512 | D:4      | Reached XP level 6. HP: 58/59 MP: 5/5
  2729 | D:5      | Entered Level 5 of the Dungeon
  2766 | D:5      | Noticed Ijyb
  2782 | D:5      | Killed Ijyb
  2782 | D:5      | Reached skill level 5 in Unarmed Combat
  2884 | D:5      | Noticed a sky beast
  2885 | D:5      | Found Bailagim's Antique Weapon Shop.
  2894 | D:5      | Reached XP level 7. HP: 32/67 MP: 6/6
  2915 | D:5      | Noticed StylePro's ghost (novice NaFi)
  2989 | D:5      | Killed StylePro's ghost
  2989 | D:5      | Reached skill level 6 in Unarmed Combat
  3074 | D:5      | Noticed Grinder
  3078 | D:5      | Noticed Pikel
  3111 | D:5      | Reached XP level 8. HP: 63/78 MP: 7/7
  3142 | D:4      | Killed Pikel
  3142 | D:4      | Reached skill level 7 in Unarmed Combat
  3163 | D:5      | Killed Grinder
  3163 | D:5      | Reached skill level 5 in Shields
  3300 | D:5      | Noticed Blork the orc
  3304 | D:5      | Killed Blork the orc
  3558 | D:5      | Noticed Dowan
  3559 | D:5      | Noticed Duvessa
  3570 | D:5      | Killed Duvessa
  3570 | D:5      | Reached skill level 8 in Unarmed Combat
  3570 | D:5      | Reached XP level 9. HP: 78/85 MP: 8/8
  3582 | D:5      | Killed Dowan
  4501 | D:6      | Reached skill level 5 in Dodging
  4581 | D:6      | Reached skill level 5 in Fighting
  4992 | D:7      | Reached skill level 9 in Unarmed Combat
  5393 | D:7      | Found a staircase to the Ecumenical Temple.
  5429 | D:7      | Found a blossoming altar of Fedhas.
  5429 | D:7      | Found a glowing golden altar of the Shining One.
  5536 | Temple   | Entered the Ecumenical Temple
  5859 | Temple   | Became a worshipper of Warmaster Okawaru
  6088 | D:8      | Reached XP level 10. HP: 95/96 MP: 9/9
  6459 | D:8      | Noticed a two-headed ogre
  6491 | D:8      | Killed a two-headed ogre
  6491 | D:8      | Reached * piety under Okawaru
  6491 | D:8      | Reached skill level 10 in Unarmed Combat
  6735 | D:9      | Reached ** piety under Okawaru
  6804 | D:9      | Found a staircase to the Orcish Mines.
  6834 | D:9      | Noticed a two-headed ogre
  6841 | D:9      | Killed a two-headed ogre
  6946 | D:9      | Reached *** piety under Okawaru
  6954 | D:9      | Reached skill level 11 in Unarmed Combat
  7262 | D:9      | Noticed a brown ugly thing
  7269 | D:9      | Killed a brown ugly thing
  7269 | D:9      | Reached XP level 11. HP: 107/107 MP: 10/10
  7366 | D:10     | Entered Level 10 of the Dungeon
  7368 | D:10     | Noticed a two-headed ogre
  7373 | D:10     | Killed a two-headed ogre
  7429 | D:10     | Reached **** piety under Okawaru
  7992 | D:10     | Found Loagaazu's Food Shop.
  8173 | D:11     | Found a staircase to the Lair.
  8194 | D:11     | Reached skill level 1 in Invocations
  8217 | D:11     | Reached ***** piety under Okawaru
  8294 | D:11     | Received a gift from Okawaru
  8821 | D:11     | Reached skill level 12 in Unarmed Combat
  9032 | D:12     | Noticed a white ugly thing
  9048 | D:12     | Killed a white ugly thing
  9115 | D:12     | Noticed vishdafish's ghost (journeyman GrFi)
  9124 | D:12     | Killed vishdafish's ghost
  9162 | D:12     | Noticed a two-headed ogre
  9166 | D:12     | Reached XP level 12. HP: 90/118 MP: 13/13
  9178 | D:12     | Killed a two-headed ogre
  9206 | D:12     | Received a gift from Okawaru
  9212 | D:12     | Got a steaming robe {god gift}
  9226 | D:12     | Identified the +0 robe of Bihutues {rElec rC++ rN+ Stlth-} (Okawaru gifted it to you on level 12 of the Dungeon)
  9304 | Lair:1   | Entered Level 1 of the Lair of Beasts
  9580 | Lair:1   | Reached ****** piety under Okawaru
  9758 | Lair:1   | Reached skill level 13 in Unarmed Combat
  9854 | Lair:2   | Found a staircase to the Swamp.
 10100 | Lair:2   | Found a frozen archway.
 10120 | IceCv    | Entered an ice cave
 10254 | IceCv    | Noticed CalmDownMonkey's ghost (journeyman TrMo)
 10309 | IceCv    | Killed CalmDownMonkey's ghost
 10462 | IceCv    | Received a gift from Okawaru
 10677 | IceCv    | Reached XP level 13. HP: 100/128 MP: 15/15
 10769 | IceCv    | Reached skill level 5 in Invocations
 10948 | IceCv    | Reached skill level 14 in Unarmed Combat
 10971 | IceCv    | Noticed a frost giant
 10990 | IceCv    | Killed a frost giant
 11026 | IceCv    | Got a flickering tin amulet
 11051 | IceCv    | Identified the amulet "Rieczuha" {Spirit *Slow MR+ Int+3} (You found it in an ice cave)
 11053 | IceCv    | Got a slimy ivory ring
 11054 | IceCv    | Identified the ring of Day {rC+ rN+ Dex+4 Slay+2} (You found it in an ice cave)
 11826 | Lair:3   | Received a gift from Okawaru
 12967 | Lair:4   | Found a hole to the Spider Nest.
 12972 | Lair:4   | Received a gift from Okawaru
 12994 | Lair:4   | Reached skill level 15 in Unarmed Combat
 13387 | Lair:5   | Reached XP level 14. HP: 139/140 MP: 17/17
 13440 | Lair:5   | Reached skill level 1 in Armour
 14372 | Lair:6   | Entered Level 6 of the Lair of Beasts
 14663 | Lair:6   | Reached skill level 10 in Fighting
 14754 | Lair:6   | Identified the Catalogue of the Boosting Entourage
 14867 | Lair:6   | Received a gift from Okawaru
 14875 | Lair:6   | Reached skill level 16 in Unarmed Combat
 14952 | Lair:6   | Identified Huezorph's Grimoire of Bewitching Moulding
 15393 | Lair:6   | Found a staircase to the Slime Pits.
 15650 | Orc:1    | Entered Level 1 of the Orcish Mines
 15654 | Orc:1    | Noticed Erica
 15676 | Orc:1    | Killed Erica
 15869 | Orc:1    | Noticed Maurice
 15870 | Orc:1    | Paralysed by Maurice for 7 turns
 16165 | Orc:2    | Entered Level 2 of the Orcish Mines
 16166 | Orc:2    | Found Dady's Jewellery Shoppe.
 16180 | Orc:2    | Found Atuyh's Magic Scroll Shoppe.
 16197 | Orc:2    | Found Wafe Rea's Assorted Antiques.
 16204 | Orc:2    | Found Qockomat's Jewellery Boutique.
 16213 | Orc:2    | Bought a scroll of enchant armour for 75 gold pieces
 16243 | Orc:2    | Bought a murky purple potion for 30 gold pieces
 16243 | Orc:2    | Bought a bubbling yellow potion for 30 gold pieces
 16246 | Orc:2    | Found Jiquutih's Antique Weapon Shop.
 16246 | Orc:2    | Noticed an orc warlord
 16284 | Orc:2    | Paralysed by an orc sorcerer for 3 turns
 16286 | Orc:2    | Found Acraha's Antique Armour Shop.
 16292 | Orc:2    | Gained mutation: You are frail. (-10% HP) [a neqoxec]
 16356 | Orc:2    | Lost mutation: You are frail. (-10% HP) [potion of mutation]
 16356 | Orc:2    | Gained mutation: You are resistant to hostile enchantments. (MR+) [potion of mutation]
 16356 | Orc:2    | Gained mutation: Potions are less effective at restoring your health. [potion of mutation]
 16356 | Orc:2    | Gained mutation: You have sharp toenails. [potion of mutation]
 16385 | Orc:2    | Killed an orc warlord
 16524 | Orc:2    | Found Taprab's Weapon Shoppe.
 16616 | Orc:2    | Found Rosamn's Book Shoppe.
 16652 | Orc:2    | Reached XP level 15. HP: 137/152 MP: 18/18
 16663 | Orc:2    | Received a gift from Okawaru
 16931 | Orc:2    | Found Tomadyr's General Store.
 16932 | Orc:2    | Found a staircase to the Elven Halls.
 16939 | Orc:2    | Bought the +2 hat of the Greedy {rN+ MR+} for 492 gold pieces
 17429 | D:12     | Noticed Frances
 17437 | D:12     | Killed Frances
 17437 | D:12     | Reached skill level 5 in Armour
 17441 | D:12     | Reached skill level 17 in Unarmed Combat
 17643 | D:12     | You fall through a shaft for 3 floors!
 17643 | D:15     | Entered Level 15 of the Dungeon
 17826 | D:15     | Noticed Urug
 17849 | D:15     | Killed Urug
 17970 | D:15     | Found a staircase to the Depths.
 17976 | D:15     | Noticed a fire giant
 18076 | D:15     | Killed a fire giant
 18108 | D:15     | Found Denuesupn's Magic Scroll Boutique.
 18114 | D:15     | Bought a scroll of teleportation for 57 gold pieces
 18114 | D:15     | Bought a scroll of blinking for 142 gold pieces
 18114 | D:15     | Bought a scroll of identify for 38 gold pieces
 18114 | D:15     | Bought a scroll of identify for 38 gold pieces
 18114 | D:15     | Bought a scroll of identify for 38 gold pieces
 18115 | D:15     | Reached XP level 16. HP: 151/162 MP: 19/19
 18132 | D:15     | Found Biriasou's Gadget Emporium.
 19236 | D:14     | Found a gate to the Vaults.
 19457 | D:13     | Noticed Erolcha
 19467 | D:13     | Killed Erolcha
 19560 | D:13     | Noticed Nessos
 19565 | D:13     | Killed Nessos
 19565 | D:13     | Reached skill level 18 in Unarmed Combat
 19709 | D:13     | Received a gift from Okawaru
 20463 | Swamp:1  | Entered Level 1 of the Swamp
 20535 | Swamp:1  | Noticed Roxanne
 20624 | Swamp:1  | Noticed Donald
 20633 | Swamp:1  | Killed Donald
 21126 | Swamp:2  | Reached XP level 17. HP: 164/172 MP: 18/20
 21737 | Swamp:3  | Received a gift from Okawaru
 21976 | Swamp:4  | Entered Level 4 of the Swamp
 22456 | Swamp:4  | Received a gift from Okawaru
 22495 | Swamp:4  | Reached skill level 10 in Shields
 22629 | Swamp:4  | Reached skill level 19 in Unarmed Combat
 22670 | Swamp:4  | Got a decaying rune of Zot
 23506 | Spider:1 | Entered Level 1 of the Spider Nest
 23559 | Spider:1 | Received a gift from Okawaru
 24174 | Spider:2 | Reached XP level 18. HP: 178/184 MP: 21/21
 25016 | Spider:3 | Received a gift from Okawaru
 25384 | Spider:4 | Entered Level 4 of the Spider Nest
 25749 | Spider:4 | Reached skill level 20 in Unarmed Combat
 25962 | Spider:4 | Received a gift from Okawaru
 26334 | Spider:4 | Got a gossamer rune of Zot
 26982 | Depths:1 | Entered Level 1 of the Depths
 27203 | Depths:1 | Reached XP level 19. HP: 165/193 MP: 19/22
 27215 | Depths:1 | Found a gateway to Hell.
 27274 | Depths:1 | Found a one-way gate to the infinite horrors of the Abyss.
 27521 | Depths:1 | Received a gift from Okawaru
 27679 | Depths:1 | Found Azugamug's Magic Scroll Shop.
 27719 | Depths:1 | Bought a scroll of blinking for 82 gold pieces
 27719 | Depths:1 | Bought a scroll of blinking for 82 gold pieces
 27720 | Depths:1 | Found a huge runed gate.
 27720 | Depths:1 | Found a huge runed gate.
 27720 | Depths:1 | Found a huge runed gate.
 27720 | Depths:1 | Found a huge runed gate.
 27720 | Depths:1 | Found a huge runed gate.
 27720 | Depths:1 | Found a huge runed gate.
 27723 | Depths:1 | Found a huge runed gate.
 27723 | Depths:1 | Found a huge runed gate.
 27723 | Depths:1 | Found a huge runed gate.
 27724 | Depths:1 | Found a huge runed gate.
 27725 | Depths:1 | Found a huge runed gate.
 27726 | Depths:1 | Found a huge runed gate.
 27727 | Depths:1 | Found a huge runed gate.
 27728 | Depths:1 | Found a huge runed gate.
 27729 | Depths:1 | Found a huge runed gate.
 27737 | Depths:1 | Found a huge runed gate.
 27737 | Depths:1 | Found a huge runed gate.
 27737 | Depths:1 | Found a huge runed gate.
 27737 | Depths:1 | Found a huge runed gate.
 27737 | Depths:1 | Found a huge runed gate.
 27804 | Depths:1 | Reached skill level 10 in Armour
 27859 | Depths:1 | Found a huge runed gate.
 27859 | Depths:1 | Found a huge runed gate.
 27859 | Depths:1 | Found a huge runed gate.
 27859 | Depths:1 | Found a huge runed gate.
 27859 | Depths:1 | Found a huge runed gate.
 27859 | Depths:1 | Found a huge runed gate.
 27888 | Depths:1 | Found a huge runed gate.
 27889 | Depths:1 | Found a huge runed gate.
 27995 | Depths:1 | Found a one-way gate leading to the halls of Pandemonium.
 28755 | Depths:2 | Reached skill level 21 in Unarmed Combat
 28761 | Depths:2 | Noticed a Tzitzimitl
 28765 | Depths:2 | Noticed a Tzitzimitl
 28786 | Depths:2 | Received a gift from Okawaru
 28933 | Depths:2 | Found Niurgh's Book Boutique.
 28935 | Depths:2 | Found Zipuushua's Gadget Shop.
 28937 | Depths:2 | Found Axijisch's Weapon Boutique.
 28994 | Depths:2 | Bought a manual of Fighting for 1545 gold pieces
 29134 | Depths:2 | Noticed a caustic shrike
 29177 | Depths:2 | Killed a caustic shrike
 29438 | Depths:2 | Reached XP level 20. HP: 206/206 MP: 21/23
 29963 | Depths:3 | Noticed Sojobo
 29972 | Depths:3 | Killed Sojobo
 29972 | Depths:3 | Received a gift from Okawaru
 30359 | Depths:3 | Found Sach's Gadget Emporium.
 30359 | Depths:3 | Found Xiarau's Jewellery Boutique.
 30365 | Depths:3 | Found Xaiclot's Jewellery Boutique.
 30500 | Depths:3 | Received a gift from Okawaru
 30555 | Depths:3 | Paralysed by a floating eye for 2 turns
 30717 | Depths:4 | Found a gateway to a ziggurat.
 30831 | Depths:4 | Received a gift from Okawaru
 30853 | Depths:4 | Noticed a juggernaut
 30869 | Depths:4 | Killed a juggernaut
 30895 | Depths:4 | Noticed a juggernaut
 30897 | Depths:4 | Noticed a golden dragon
 30913 | Depths:4 | Killed a juggernaut
 30913 | Depths:4 | Reached skill level 15 in Fighting
 30913 | Depths:4 | Reached skill level 22 in Unarmed Combat
 30914 | Depths:4 | Identified the Papyrus of Bewitchment
 30926 | Depths:4 | Killed a golden dragon
 31026 | Depths:4 | Reached XP level 21. HP: 109/218 MP: 24/24
 31086 | Depths:4 | Received a gift from Okawaru
 31412 | Depths:4 | Noticed a golden dragon
 31426 | Depths:4 | Killed a golden dragon
 31959 | Depths:5 | Entered Level 5 of the Depths
 32125 | Depths:5 | Noticed a golden dragon
 32136 | Depths:5 | Killed a golden dragon
 32163 | Depths:5 | Noticed a golden dragon
 32187 | Depths:5 | Killed a golden dragon
 32187 | Depths:5 | Received a gift from Okawaru
 32196 | Depths:5 | Got a jewelled hat {god gift}
 32240 | Depths:5 | Identified the +0 hat of the New World {rF+ rCorr} (Okawaru gifted it to you on level 5 of the Depths)
 32296 | Depths:5 | Reached skill level 15 in Shields
 32625 | Depths:5 | Found a portal to a secret trove of treasure.
 32774 | Depths:5 | Found a gate to the Realm of Zot.
 32862 | Depths:5 | Found Fiotuts's Jewellery Boutique.
 32865 | Depths:5 | Reached XP level 22. HP: 231/231 MP: 23/25
 33740 | Vaults:1 | Entered Level 1 of the Vaults
 33910 | Vaults:1 | Received a gift from Okawaru
 35209 | Vaults:2 | Noticed Margery
 35209 | Vaults:2 | Reached skill level 1 in Throwing
 35226 | Vaults:2 | Killed Margery
 35226 | Vaults:2 | Received a gift from Okawaru
 35255 | Vaults:2 | Found Qiotreh's Book Emporium.
 35322 | Vaults:2 | Noticed Jorgrun
 35332 | Vaults:2 | Killed Jorgrun
 35661 | Vaults:2 | Reached skill level 10 in Dodging
 35777 | Vaults:2 | Found a staircase to the Crypt.
 35792 | Vaults:2 | Received a gift from Okawaru
 35856 | Vaults:2 | Identified Galoak's Almanac of the Blistering Entourage
 35920 | Vaults:2 | Received a gift from Okawaru
 35924 | Vaults:2 | Got a translucent hat {god gift}
 35935 | Vaults:2 | Identified the +0 hat of the Blessed Realm {rF+ MR- Int+3} (Okawaru gifted it to you on level 2 of the Vaults)
 36097 | Vaults:2 | Reached XP level 23. HP: 244/244 MP: 26/26
 36991 | Vaults:3 | Reached skill level 5 in Throwing
 37873 | Vaults:3 | Found Laufyor's Book Emporium.
 38513 | Vaults:4 | Received a gift from Okawaru
 38540 | Vaults:4 | Got a translucent hat {god gift}
 38551 | Vaults:4 | Identified the +0 hat of Evolution {MR++ Str+5 Dex-4} (Okawaru gifted it to you on level 4 of the Vaults)
 39356 | Vaults:5 | Entered Level 5 of the Vaults
 39496 | Vaults:5 | Reached XP level 24. HP: 169/257 MP: 26/26
 39564 | Vaults:5 | Received a gift from Okawaru
 40119 | Vaults:5 | Received a gift from Okawaru
 40211 | Vaults:5 | Received a gift from Okawaru
 40602 | Vaults:5 | Received a gift from Okawaru
 40615 | Vaults:5 | Reached skill level 15 in Armour
 41209 | Vaults:5 | Got a silver rune of Zot
 41848 | Zot:1    | Entered Level 1 of the Realm of Zot
 41849 | Zot:1    | Identified a scroll of acquirement
 41852 | Zot:1    | Got a twisted hat
 41853 | Zot:1    | Identified the +0 hat "Uthruug" {Regen+ Dex+2} (You acquired it on level 1 of the Realm of Zot)
 41910 | Zot:1    | Received a gift from Okawaru
 41923 | Zot:1    | Reached skill level 10 in Throwing
 41953 | Zot:1    | Reached XP level 25. HP: 196/269 MP: 0/26
 41992 | Zot:1    | Received a gift from Okawaru
 42545 | Zot:3    | Received a gift from Okawaru
 42586 | Zot:3    | Noticed an orb of fire
 42590 | Zot:3    | Gained mutation: You are somewhat resistant to further mutation. [an orb of fire]
 42593 | Zot:3    | Killed an orb of fire
 42997 | Zot:3    | Received a gift from Okawaru
 43242 | Zot:5    | Entered Level 5 of the Realm of Zot
 43399 | Zot:5    | Received a gift from Okawaru
 43610 | Zot:5    | Received a gift from Okawaru
 43671 | Zot:5    | Received a gift from Okawaru
 43711 | Zot:5    | Noticed an ancient lich
 43722 | Zot:5    | Killed an ancient lich
 43751 | Zot:5    | Received a gift from Okawaru
 43902 | Zot:5    | Noticed an ancient lich
 43911 | Zot:5    | Killed an ancient lich
 43964 | Zot:5    | Noticed an ancient lich
 43980 | Zot:5    | Killed an ancient lich
 43980 | Zot:5    | Reached XP level 26. HP: 206/282 MP: 25/26
 44076 | Zot:5    | Noticed an ancient lich
 44100 | Zot:5    | Killed an ancient lich
 44112 | Zot:5    | Noticed an orb of fire
 44123 | Zot:5    | Killed an orb of fire
 44134 | Zot:5    | Received a gift from Okawaru
 44135 | Zot:5    | Noticed an orb of fire
 44136 | Zot:5    | Noticed an ancient lich
 44142 | Zot:5    | Killed an orb of fire
 44152 | Zot:5    | Noticed an ancient lich
 44154 | Zot:5    | Killed an ancient lich
 44159 | Zot:5    | Killed an ancient lich
 44363 | Zot:5    | Received a gift from Okawaru
 44387 | Zot:5    | Got the Orb of Zot
 44406 | Zot:5    | Noticed an orb of fire
 44422 | Zot:5    | Killed an orb of fire
 44477 | Zot:5    | Noticed an ancient lich
 44488 | Zot:5    | Killed an ancient lich
 44495 | Zot:4    | Noticed an orb of fire
 44629 | Zot:5    | Noticed Etuurouv the pandemonium lord
 45023 | D:15     | Noticed Pigrani the pandemonium lord
 45180 | D:9      | Found a basalt altar of Yredelemnul.
 45180 | D:9      | Found a snail-covered altar of Cheibriados.
 45183 | D:9      | Found a deep blue altar of Sif Muna.
 45268 | D:7      | Noticed Cufobb the pandemonium lord
 45333 | D:5      | Reached skill level 15 in Dodging
 45367 | D:4      | Noticed a seraph
 45471 | D:1      | Noticed Daush the pandemonium lord
 45479 | D:$      | Escaped with the Orb!

Skill      XL: |  1  2  3  4  5  6  7  8  9 10 11 12 13 14 15 16 17 18 19 20 21 22 23 24 25 26 |
---------------+-------------------------------------------------------------------------------+-----
Shields        | 3 4 5 6 7 8 9 10 11 13 14 15 16 | 16.2
Unarmed Combat | 3 4 5 6 8 9 11 12 13 15 16 17 18 19 20 21 22 | 22.9
Dodging        | 3 4 5 6 7 8 9 10 11 12 14 15 | 15.0
Fighting       | 3 4 5 6 7 8 9 10 11 12 13 14 15 16 17 18 19 20 | 20.2
Invocations    | 2 4 6 |  6.1
Armour         | 4 6 8 9 10 11 12 13 14 15 16 | 16.8
Throwing       | 4 7 10 12 13 | 13.3
Stealth        | |  0.5

Action                   |  1- 3 |  4- 6 |  7- 9 | 10-12 | 13-15 | 16-18 | 19-21 | 22-24 | 25-27 || total
-------------------------+-------+-------+-------+-------+-------+-------+-------+-------+-------++-------
Melee: Unarmed           |   137 |   163 |   331 |   743 |  1002 |  1474 |  1257 |  1466 |   498 ||  7071
       Kick              |       |       |       |       |   100 |   626 |   679 |   743 |   250 ||  2398
Throw: Large rock        |       |       |       |       |    10 |    21 |       |     4 |       ||    35
Invok: Heroism           |       |       |       |     8 |    28 |    34 |    48 |    45 |    22 ||   185
       Finesse           |       |       |       |     1 |     7 |     9 |     3 |     2 |     2 ||    24
 Abil: Evoke Flight      |       |       |       |       |       |       |       |     1 |       ||     1
Evoke: Wand              |       |       |       |       |       |     2 |       |     1 |       ||     3
  Use: Scroll            |       |     6 |     9 |     7 |    15 |    18 |     3 |     9 |     7 ||    74
       Potion            |       |     1 |     6 |     2 |     6 |     7 |     1 |       |    14 ||    37
 Stab: Sleeping          |     2 |     3 |     2 |     1 |     1 |       |       |       |       ||     9
       Confused          |       |       |       |       |       |     3 |       |       |       ||     3
       Distracted        |       |       |       |       |       |       |       |     1 |       ||     1
  Eat: Chunk             |    12 |    13 |    25 |    50 |    56 |    27 |    49 |    75 |    11 ||   318
       Fruit             |       |       |     1 |     1 |       |     2 |       |       |       ||     4
       Bread ration      |       |       |     1 |     2 |     1 |     6 |     2 |       |     4 ||    16
       Royal jelly       |       |       |     1 |       |       |     3 |       |       |       ||     4
       Meat ration       |       |       |       |       |       |     4 |       |       |       ||     4
Armor: Robe              |    34 |    51 |   104 |   126 |    31 |       |       |       |       ||   346
       Gold dragon scale |       |       |       |       |   200 |   789 |   345 |   249 |   137 ||  1720
Dodge: Dodged            |    39 |    42 |    82 |   222 |   217 |   331 |   204 |   196 |    93 ||  1426
Block: Shield            |    63 |    58 |   154 |   373 |   613 |       |       |       |       ||  1261
       Reflection        |       |       |       |       |    14 |    69 |    54 |   143 |    10 ||   290
       Large shield      |       |       |       |       |   115 |  1704 |  1139 |  1214 |   381 ||  4553
